[Event "Late-Titled-Tuesday-Blitz-March-05-2024"]
[Site "Chess.com"]
[Date "2024.03.05"]
[Round "7"]
[White "Eloist"]
[Black "VinzentSpitzl"]
[Result "0-1"]
[WhiteElo "2437"]
[BlackElo "2551"]
[TimeControl "180+1"]
[EndTime "15:14:38 PST"]
[Termination "VinzentSpitzl won by resignation"]

1. e4 c5 2. Nf3 d6 3. Bb5+ Bd7 4. Bxd7+ Qxd7 5. c4 Nc6 6. O-O g6 7. d4 cxd4 8. Nxd4 Bg7 9. Be3 Nf6 10. f3 O-O 11. Nc3 Rac8 12. b3 Rfd8 13. Qd3 Qc7 14. Ndb5 Qa5 15.
a3 Re8 16. Rad1 a6 17. b4 Qd8 18. Na7 Ne5 19. Qe2 Rxc4 20. Bd4 Rxd4 21. Rxd4 Qb6 22. Qf2 Qxa7 23. Rdd1 Qxf2+ 24. Rxf2 Rc8 25. Na4 Nfd7 26. f4 Nc4 27. e5 b5 28. exd6 exd6 29. Nc5 Nxc5 30.
bxc5 dxc5 31. Rf3 Bd4+ 32. Kh1 a5 33. Re1 Kg7 34. f5 b4 35. axb4 axb4 36. fxg6 hxg6 37. g3 Ne5 38. Rf4 b3 39. Rb1 Rb8 40. Kg2 Nd3 41.
Rf3 c4 42. Kf1 b2 43. Ke2 Ne5 44. Rf4 c3 45. Rxd4 c2 46. Rdd1 cxb1=Q 47. Rxb1 Nc4 48. Kd3 Na3 0-1

[Event "Late-Titled-Tuesday-Blitz-March-05-2024"]
[Site "Chess.com"]
[Date "2024.03.05"]
[Round "7"]
[White "Inepton_Fermion"]
[Black "jaskol95"]
[Result "1-0"]
[WhiteElo "2477"]
[BlackElo "2559"]
[TimeControl "180+1"]
[EndTime "15:14:39 PST"]
[Termination "Inepton_Fermion won by checkmate"]

1. Nf3 e6 2. b3 f5 3. Bb2 Nf6 4. d3 Be7 5. Nbd2 d6 6. g3 O-O 7. Bg2 e5 8. O-O Nc6 9. c4 Qe8 10. e3 Qh5 11. a3 f4 12. exf4 exf4 13.
b4 Bh3 14. b5 Bxg2 15. Kxg2 Nd8 16. Nd4 Qg6 17. N2f3 fxg3 18. fxg3 Ng4 19. Qe2 Bf6 20.
Rae1 Nf7 21. Ne6 Rfe8 22. Bxf6 Nxf6 23. Nh4 Qh6 24. Nf5 Qg6 25. Nh4 Rxe6 26. Qxe6 Qxd3 27. Nf5 h5 28. Nxg7 Qg6 29. Rxf6 Qxg7 30. Rg6 Rf8 31. Qf6 Qxg6 32. Qxg6+ Kh8 33. Re7 h4 34. Rxf7 h3+ 35. Kxh3 Rxf7 36. Qxf7 c6 37. Kg4 d5 38. Kg5 dxc4 39.
Kg6 c3 40. Qf8# 1-0

[Event "Late-Titled-Tuesday-Blitz-March-05-2024"]
[Site "Chess.com"]
[Date "2024.03.05"]
[Round "7"]
[White "Bryanl106"]
[Black "bancsoo"]
[Result "0-1"]
[WhiteElo "2649"]
[BlackElo "2886"]
[TimeControl "180+1"]
[EndTime "15:14:40 PST"]
[Termination "bancsoo won by resignation"]

1. e4 e5 2. Nf3 d6 3. Nc3 Nf6 4. d4 exd4 5. Nxd4 Be7 6. Bc4 O-O 7. O-O c6 8. Bb3 b5 9. Re1 a6 10. Bg5 c5 11. Nf5 Bxf5 12. Bxf6 Bxf6 13. Bd5 Ra7 14.
exf5 Bxc3 15. bxc3 Nd7 16. Qd2 Nf6 17. Rad1 Re7 18.
Bf3 Rxe1+ 19. Rxe1 Qd7 20. g4 h6 21. h4 Re8 22.
Rxe8+ Nxe8 23. Kg2 Qe7 24. g5 hxg5 25. hxg5 Qe5 26. Qd5 Qxd5 27. Bxd5 Nc7 28. Bc6 f6 29. f4 d5 30. Kf3 Kf8 31. Ke3 Ke7 32. Bb7 Kd6 33. Bc8 a5 34. Kd3 b4 35. cxb4 axb4 36. Bb7 c4+ 37. Kd2 Kc5 38. Ke3 Nb5 39. Kf3 Nc3 40. Kg4 Nxa2 41. Kh5 b3 42. cxb3 cxb3 43. Kg6 b2 44. Kxg7 fxg5 45. fxg5 b1=Q 46. f6 Qxb7+ 47. f7 Nc3 48. Kg8 Qc8+ 49. f8=Q+ Qxf8+ 50. Kxf8 Ne2 51. g6 Nf4 52. g7 Ne6+ 53. Ke8 Nxg7+ 54. Kd8 d4 55. Kc8 d3 56. Kb8 d2 57. Ka8 0-1

[Event "Late-Titled-Tuesday-Blitz-March-05-2024"]
[Site "Chess.com"]
[Date "2024.03.05"]
[Round "7"]
[White "yaguigor"]
[Black "flubs"]
[Result "1-0"]
[WhiteElo "2570"]
[BlackElo "2447"]
[TimeControl "180+1"]
[EndTime "15:14:41 PST"]
[Termination "yaguigor won on time"]

1. d4 d5 2. c4 Nc6 3. Nc3 Nf6 4.
cxd5 Nxd5 5. e4 Nxc3 6. bxc3 e5 7.
Nf3 exd4 8. cxd4 Bb4+ 9. Bd2 Qe7 10. Bxb4 Qxe4+ 11. Be2 Nxb4 12. Qa4+ Nc6 13. O-O O-O 14. Bb5 Bd7 15. Rfe1 Qd5 16. Bc4 Qh5 17. Qa3 Bg4 18.
Ne5 Nxd4 19. Qc3 Rad8 20. Re4 Ne2+ 21. Bxe2 Bxe2 22. g4 Qg5 23. Rxe2 Rd5 24. Qg3 Rfd8 25. Rae1 h6 26. f4 Qf6 27. h4 Rd2 28. g5 Qb6+ 29.
Kg2 h5 30. Qf3 g6 31. f5 Qc5 32. fxg6 Qxe5 33. Qxf7+ 1-0

[Event "Late-Titled-Tuesday-Blitz-March-05-2024"]
[Site "Chess.com"]
[Date "2024.03.05"]
[Round "7"]
[White "LiemLe"]
[Black "VojtechPlat"]
[Result "0-1"]
[WhiteElo "3044"]
[BlackElo "2876"]
[TimeControl "180+1"]
[EndTime "15:14:42 PST"]
[Termination "VojtechPlat won by resignation"]

1. d4 d6 2. e4 Nf6 3. Nc3 e5 4. Nf3 exd4 5. Nxd4 g6 6. g3 Bg7 7. Bg2 O-O 8. O-O Re8 9. Re1 a5 10. a4 Na6 11. Ndb5 Bg4 12. f3 Bd7 13. Be3 Bc6 14. Bd4 Qd7 15. Qd2 Rad8 16. Rad1 b6 17. b3 Nc5 18.
Qf2 Qe7 19. Bh3 Ne6 20. Nd5 Nxd5 21. exd5 Bxb5 22. Bxg7 Kxg7 23. axb5 Ng5 24. Bg2 Qd7 25. Qd4+ f6 26. f4 Nh3+ 27. Kh1 Qg4 28. Rc1 h5 29. Qc3 Rc8 30. Rxe8 Rxe8 31. Qxc7+ Kh6 32. Qf7 Nf2+ 33. Kg1 Qe2 34. Qxf6 Qe3 35. Bf1 Ng4+ 0-1

[Event "Late-Titled-Tuesday-Blitz-March-05-2024"]
[Site "Chess.com"]
[Date "2024.03.05"]
[Round "7"]
[White "GAO"]
[Black "rdarruda"]
[Result "0-1"]
[WhiteElo "2308"]
[BlackElo "2529"]
[TimeControl "180+1"]
[EndTime "15:14:42 PST"]
[Termination "rdarruda won by resignation"]

1. Nf3 d5 2. b3 Nf6 3. Bb2 c5 4.
e3 Nc6 5. c4 d4 6. exd4 cxd4 7. d3 e5 8. g3 Be7 9. Bg2 O-O 10. O-O Qc7 11. a3 a5 12. Re1 Bf5 13. Nh4 Be6 14. Nd2 Rfe8 15. Nhf3 Nd7 16. Ne4 h6 17. h4 Rad8 18. h5 f5 19. Bh3 Bf6 20.
Nxf6+ Nxf6 21. Nh4 Qd7 22. Qf3 f4 23. Bxe6+ Rxe6 24. gxf4 exf4 25. Qxf4 Nxh5 26. Qf5 Rxe1+ 27. Rxe1 Qxf5 28.
Nxf5 Nf4 29. Re4 Nxd3 30. Bxd4 g6 31. Nxh6+ Kh7 32. Bf6 Rd6 33. Bg5 Nde5 34. Kg2 Rd4 35.
Rxd4 Nxd4 36. Bf6 Kxh6 37. Bxe5 Nxb3 38. Kg3 Kg5 39. f4+ Kf5 40. Kf2 a4 41. Ke2 Ke4 42. Kd1 Na5 43. c5 Nb3 44. Kc2 Nxc5 45. Kc3 Kd5 46.
Bc7 b5 47. Kb4 Kc6 48. Bb8 Na6+ 49. Ka5 Nxb8 50. f5 gxf5 51. Kb4 Kb6 52. Kc3 Kc5 0-1

[Event "Late-Titled-Tuesday-Blitz-March-05-2024"]
[Site "Chess.com"]
[Date "2024.03.05"]
[Round "7"]
[White "MagnusCarlsen"]
[Black "Njal28"]
[Result "1-0"]
[WhiteElo "3258"]
[BlackElo "3008"]
[TimeControl "180+1"]
[EndTime "15:14:43 PST"]
[Termination "MagnusCarlsen won on time"]

1. e4 e5 2. Nf3 Nc6 3. Bb5 a6 4.
Ba4 Nf6 5. d3 d6 6. c3 g6 7. O-O Bd7 8. Re1 Bg7 9. h3 O-O 10.
Be3 Qe8 11. Bc2 Nh5 12. d4 f5 13. exf5 gxf5 14. dxe5 dxe5 15. Nbd2 e4 16. Ng5 Nf6 17. Bf4 h6 18. Ngxe4 fxe4 19. Nxe4 Nxe4 20. Rxe4 Qd8 21.
Qh5 Qf6 22. Bg3 Qg5 23. Qxg5 hxg5 24. Bxc7 Bf5 25. Bb3+ Kh7 26. Re2 Rac8 27. Bg3 Rce8 28.
Rae1 Bg6 29. Be6 Bf7 30. Bf5+ Kg8 31. Be4 Bxa2 32. Bd6 Rf7 33. Bb1 Bb3 34. Rxe8+ 1-0

[Event "Late-Titled-Tuesday-Blitz-March-05-2024"]
[Site "Chess.com"]
[Date "2024.03.05"]
[Round "7"]
[White "Gennady_Kozlov"]
[Black "Sinquefield"]
[Result "1/2-1/2"]
[WhiteElo "2690"]
[BlackElo "2520"]
[TimeControl "180+1"]
[EndTime "15:14:44 PST"]
[Termination "Game drawn by repetition"]

1. b3 d6 2. Bb2 e5 3. e3 Nf6 4. f4 Nbd7 5. Nf3 e4 6. Ng5 d5 7.
Be2 Bd6 8. O-O Nf8 9. Qe1 h6 10. Nh3 Bxh3 11. gxh3 Ng6 12. Qg3 Qe7 13. a4 O-O-O 14. a5 Rdg8 15. Nc3 Nf8 16. Nb5 g5 17. Nxd6+ Qxd6 18. f5 Qe7 19. b4 N8d7 20. b5 h5 21.
b6 a6 22. bxc7 h4 23. Qg2 Ne5 24. Bxe5 Qxe5 25. Rab1 Qxc7 26. Rb6 g4 27. hxg4 h3 28. Qg3 Qxg3+ 29. hxg3 h2+ 30. Kg2 Nxg4 31. Bxg4 Rxg4 32. Rh1 Rhg8 33. Rxh2 Rxg3+ 34. Kf2 Rf3+ 35. Ke2 Rxf5 36. d3 Rg3 37. Kd2 Rff3 38. Re2 f5 39. dxe4 dxe4 40. Rf6 Rg7 41. Kc3 Rc7+ 42. Kd4 Rc6 43. Rf7 Rf1 44. Rd2 Rd6+ 45. Kc3 Rxd2 46. Kxd2 Rf3 47. c4 Rf1 48. Kc3 Rd1 49. Rxf5 Rd3+ 50. Kb4 Rxe3 51. Kc5 Rb3 52. Re5 e3 53. Kd6 Kb8 54.
Re8+ Ka7 55. c5 Ra3 56. Re7 Rc3 57. Kd5 Kb8 58. Re8+ Kc7 59. Re7+ Kc8 60. Re4 Ra3 61. Kd6 Kb8 62. Re7 Rxa5 63. c6 bxc6 64. Kxc6 Ra3 65.
Re8+ Ka7 66. Re7+ Kb8 67. Re8+ Ka7 68. Re7+ Kb8 1/2-1/2

[Event "Late-Titled-Tuesday-Blitz-March-05-2024"]
[Site "Chess.com"]
[Date "2024.03.05"]
[Round "7"]
[White "Oleksandr_Bortnyk"]
[Black "baag"]
[Result "1-0"]
[WhiteElo "3010"]
[BlackElo "2851"]
[TimeControl "180+1"]
[EndTime "15:14:46 PST"]
[Termination "Oleksandr_Bortnyk won by resignation"]

1. e4 e5 2. Nf3 Nc6 3. Bc4 Nf6 4. Nc3 Nxe4 5. Nxe4 d5 6. Bd3 dxe4 7. Bxe4 Bd6 8.
d3 O-O 9. Bxc6 bxc6 10. h3 c5 11. O-O c4 12. dxc4 Bb7 13. Qe2 Qf6 14. Be3 Rfe8 15. c5 Bf8 16. Rfe1 Qg6 17. Rad1 Bc6 18. b4 Rab8 19. a3 h6 20. c4 a6 21. Bc1 a5 22.
Bd2 axb4 23. axb4 f5 24. Nh4 Qf6 25. Qh5 g5 26. Qg6+ Qxg6 27. Nxg6 Bg7 28. b5 Be4 29. h4 Kf7 30. h5 Bd3 31. Bxg5 e4 32. Bf4 Rbc8 33.
b6 cxb6 34. cxb6 Rxc4 35. Rc1 Rb4 36. Rc7+ Kf6 37. b7 Bf8 38. Rd7 1-0

[Event "Late-Titled-Tuesday-Blitz-March-05-2024"]
[Site "Chess.com"]
[Date "2024.03.05"]
[Round "7"]
[White "RantomOpening"]
[Black "ChessSwole"]
[Result "1/2-1/2"]
[WhiteElo "2589"]
[BlackElo "2725"]
[TimeControl "180+1"]
[EndTime "15:14:47 PST"]
[Termination "Game drawn by repetition"]

1. c4 e5 2. Nc3 Nf6 3. Nf3 Nc6 4. e3 Bb4 5. Qc2 Bxc3 6. Qxc3 Qe7 7. b3 d5 8. d4 Ne4 9. Qb2 exd4 10. Nxd4 Nxd4 11. Qxd4 Qb4+ 12. Bd2 Nxd2 13. Qxd2 Qxd2+ 14. Kxd2 Be6 15. Kc3 dxc4 16. Bxc4 Bxc4 17. bxc4 O-O-O 18. Rhd1 c5 19. Rd5 Rxd5 20. cxd5 Kc7 21. e4 g5 22. f4 Re8 23.
Kd3 gxf4 24. Rf1 f5 25. exf5 Re3+ 26. Kd2 Re4 27. f6 Kd7 28. g3 Rd4+ 29. Kc3 b5 30.
Rxf4 Rxf4 31. gxf4 c4 32. a4 a6 33. axb5 axb5 34. Kd4 Kd6 35. f5 h6 36. Kc3 Kd7 37. Kd4 Kd6 38. f7 Ke7 39. f8=Q+ Kxf8 40. d6 Kf7 41. h3 h5 42. Kc3 h4 43. Kb4 Kf6 44. Kc3 Kf7 45. Kb4 Kf6 46. Kc3 Kf7 1/2-1/2

[Event "Late-Titled-Tuesday-Blitz-March-05-2024"]
[Site "Chess.com"]
[Date "2024.03.05"]
[Round "7"]
[White "anasta10"]
[Black "Binary010"]
[Result "1-0"]
[WhiteElo "2530"]
[BlackElo "2793"]
[TimeControl "180+1"]
[EndTime "15:14:47 PST"]
[Termination "anasta10 won on time"]

1. Nf3 Nf6 2. c4 b6 3. g3 Bb7 4.
Bg2 g6 5. O-O Bg7 6. Nc3 c5 7. Rb1 Nc6 8. d3 O-O 9. a3 d5 10. cxd5 Nxd5 11. Nxd5 Qxd5 12. b4 cxb4 13. axb4 Rac8 14. Qa4 Nd4 15. Re1 Bc6 16. Qd1 Rfd8 17.
Bb2 e5 18. Bxd4 exd4 19. b5 Ba8 20. Qa4 Qd7 21. Ra1 Rc7 22. Rec1 Rxc1+ 23. Rxc1 a5 24. Ne1 Bxg2 25. Nxg2 Rc8 26. Rc6 Re8 27. Qc2 Qb7 28.
Nf4 h5 29. h4 Kh7 30. Rc7 Qa8 31. Rxf7 a4 32. Qc7 Rg8 33. Qd6 Kh8 34. Qxg6 1-0

[Event "Late-Titled-Tuesday-Blitz-March-05-2024"]
[Site "Chess.com"]
[Date "2024.03.05"]
[Round "7"]
[White "DeArron_Fox"]
[Black "cthulhuuu"]
[Result "1-0"]
[WhiteElo "2550"]
[BlackElo "2437"]
[TimeControl "180+1"]
[EndTime "15:14:47 PST"]
[Termination "DeArron_Fox won on time"]

1. d4 Nf6 2. c4 e5 3. dxe5 Ng4 4. Nf3 Bc5 5. e3 Nc6 6. Be2 O-O 7. O-O Re8 8. b3 a5 9. Bb2 Ncxe5 10. Nxe5 Nxe5 11.
Nc3 Ra6 12. Qd5 Ba7 13. Ne4 Qe7 14. c5 Rh6 15. f4 Qh4 16. fxe5 Qxh2+ 17. Kf2 c6 18.
Qc4 d5 19. cxd6 Bh3 20. Ke1 Be6 21. Qd3 Qxg2 22. Kd2 Bd5 23. Rf4 Rh2 24. Re1 f6 25. d7 Rd8 26. exf6 Rxd7 27. fxg7 Bc5 28. Nxc5 Bf7 29.
Qxd7 1-0

[Event "Late-Titled-Tuesday-Blitz-March-05-2024"]
[Site "Chess.com"]
[Date "2024.03.05"]
[Round "7"]
[White "katharinareinecke"]
[Black "SocoLoco"]
[Result "0-1"]
[WhiteElo "1978"]
[BlackElo "2220"]
[TimeControl "180+1"]
[EndTime "15:14:49 PST"]
[Termination "SocoLoco won by resignation"]

1. e4 c5 2. Nf3 e6 3. g3 d5 4.
exd5 Qxd5 5. Bg2 Nf6 6. O-O Be7 7. Nc3 Qd8 8. d3 O-O 9. Bf4 Nc6 10. Nb5 Nd5 11.
Bd2 a6 12. Nc3 Bf6 13. Rb1 Re8 14. Ne4 Be7 15. a3 h6 16. Qe2 Qc7 17. c4 Nf6 18. Bf4 Qd8 19. Ne5 Nd4 20. Qd2 Nd7 21. Nxd7 Qxd7 22.
b4 cxb4 23. axb4 Ra7 24. Be3 e5 25. Bxd4 Qxd4 26. Qe3 Rd8 27. Rfd1 Bg4 28. Rd2 b6 29. h3 Be6 30. Qxd4 Rxd4 31. b5 a5 32. Kh2 f5 33.
Nc3 Bxc4 34. Ne2 Rxd3 35. Rxd3 Bxd3 36. Rb2 a4 37. Nc3 a3 38. Ra2 Bc4 39. Bd5+ Bxd5 40. Nxd5 Bc5 41. f4 e4 42. Kg2 Kf7 43. Kf1 Ke6 44. Ke2 Kxd5 45. Rd2+ Kc4 46. g4 g6 47.
gxf5 gxf5 48. Ke1 Bb4 0-1

[Event "Late-Titled-Tuesday-Blitz-March-05-2024"]
[Site "Chess.com"]
[Date "2024.03.05"]
[Round "7"]
[White "Penafiel-Josselyne02"]
[Black "Charodej1"]
[Result "0-1"]
[WhiteElo "2061"]
[BlackElo "2337"]
[TimeControl "180+1"]
[EndTime "15:14:50 PST"]
[Termination "Charodej1 won on time"]

1. d4 Nf6 2. c4 c5 3. d5 d6 4. Nc3 e6 5. e4 exd5 6. cxd5 g6 7. f4 Bg7 8. Bb5+ Nfd7 9. a4 a6 10. Be2 O-O 11. Nf3 f5 12. Ng5 Nf6 13. e5 dxe5 14.
fxe5 Ng4 15. e6 h6 16. Nf7 Rxf7 17. exf7+ Kxf7 18. Bxg4 fxg4 19. O-O+ Kg8 20. d6 Be6 21. Qd3 Kh7 22. Ne4 c4 23. Qc2 Qb6+ 24. Kh1 Nd7 25.
Rb1 Re8 26. Bf4 Bf5 27. Rbe1 Qd4 28. Qe2 Rxe4 29. Qd2 Qxd2 30. Bxd2 Nf6 31. Rxe4 Bxe4 32. Bf4 Bc6 33. Rd1 Nd7 0-1

[Event "Late-Titled-Tuesday-Blitz-March-05-2024"]
[Site "Chess.com"]
[Date "2024.03.05"]
[Round "7"]
[White "Statham_01"]
[Black "HamedWafa4"]
[Result "0-1"]
[WhiteElo "2591"]
[BlackElo "2745"]
[TimeControl "180+1"]
[EndTime "15:14:51 PST"]
[Termination "HamedWafa4 won by resignation"]

1. e4 e5 2. Nf3 Nc6 3. c3 d5 4. Bb5 f6 5. Qa4 Ne7 6. d4 dxe4 7. Nfd2 a6 8. Nxe4 Qd5 9. Bd3 Bf5 10. Qc2 exd4 11. O-O O-O-O 12. c4 Qa5 13. Bd2 Nb4 14. Qb3 Nec6 15. a3 Re8 16. axb4 Qxa1 17. Nd6+ Bxd6 18. Bxf5+ Kb8 19. Bd3 a5 20. Na3 a4 21.
Qc2 Qa2 22. g3 Bxb4 23. Bxb4 Nxb4 24. Qd2 Qb3 25. Bf5 g6 26. Bg4 Nc6 27. Bd1 Qb4 28. Qc2 f5 29. Nb5 Re1 30. Bf3 Rxf1+ 31. Kxf1 Na5 32.
Qd3 Qxc4 33. Be2 Qxd3 34. Bxd3 Rd8 0-1

[Event "Late-Titled-Tuesday-Blitz-March-05-2024"]
[Site "Chess.com"]
[Date "2024.03.05"]
[Round "7"]
[White "rodp92"]
[Black "Supelyel"]
[Result "1-0"]
[WhiteElo "2495"]
[BlackElo "2377"]
[TimeControl "180+1"]
[EndTime "15:14:52 PST"]
[Termination "rodp92 won by checkmate"]

1. e4 d6 2. d4 Nf6 3. Nc3 e5 4. dxe5 dxe5 5. Qxd8+ Kxd8 6. Nf3 Bd6 7. h3 a6 8. Be3 Be6 9. O-O-O Nbd7 10. Nd2 Ke7 11. f3 Nh5 12. Bc4 b5 13. Bd5 b4 14. Na4 Rab8 15.
Nc4 Ng3 16. Rhe1 Rb5 17. Bxe6 Kxe6 18. Rd2 Rd8 19. Red1 Nb8 20. Nc5+ Ke7 21. Nxe5 Bxc5 22. Bxc5+ Rxc5 23. Rxd8 Rxe5 24. Rxb8 Ne2+ 25. Kd2 Nf4 26. g3 Nxh3 27. Ke3 Rc5 28. Rh1 Ng5 29. f4 Ne6 30. Rh2 h6 31. Ra8 a5 32. Rd2 Rc4 33. Rxa5 Nc5 34.
Rd4 Rxc2 35. Rd5 Ne6 36. f5 Ng5 37. Rdc5 Rxb2 38. Rxc7+ Kf8 39. Ra8# 1-0

[Event "Late-Titled-Tuesday-Blitz-March-05-2024"]
[Site "Chess.com"]
[Date "2024.03.05"]
[Round "7"]
[White "Azerichess"]
[Black "K_A_S_T_O_R"]
[Result "1-0"]
[WhiteElo "3065"]
[BlackElo "2834"]
[TimeControl "180+1"]
[EndTime "15:14:53 PST"]
[Termination "Azerichess won by resignation"]

1. d4 Nf6 2. Bg5 e6 3. e4 h6 4. Bxf6 Qxf6 5. Nc3 d6 6. Qd2 g5 7. g3 Nd7 8. O-O-O a6 9. Bg2 g4 10. f4 gxf3 11. Nxf3 Qe7 12. Rhf1 Bg7 13. Kb1 b5 14.
Ne2 Bb7 15. d5 O-O-O 16. Ned4 Nc5 17. Rfe1 Kb8 18. Qa5 Qd7 19. Bh3 Rhe8 20. Re3 c6 21. dxc6 Bxc6 22. b4 Na4 23. Qxa6 Rc8 24. Bf1 Qb7 25.
Nxc6+ Rxc6 26. Qxb7+ Kxb7 27. Bxb5 Nc3+ 28. Rxc3 Rxc3 29.
Bxe8 Rxf3 30. a4 Bc3 31. Rd3 Rxd3 32. cxd3 Bxb4 33. Bxf7 e5 34. Kc2 Be1 35. Kd1 Bf2 36.
Ke2 Bg1 37. h4 Kb6 38. Kf3 Kc5 39. Be8 Kb4 40. g4 Bd4 41. g5 hxg5 42. hxg5 1-0

[Event "Late-Titled-Tuesday-Blitz-March-05-2024"]
[Site "Chess.com"]
[Date "2024.03.05"]
[Round "7"]
[White "ACollins05"]
[Black "FMJoseHerrera"]
[Result "1-0"]
[WhiteElo "2613"]
[BlackElo "2755"]
[TimeControl "180+1"]
[EndTime "15:14:55 PST"]
[Termination "ACollins05 won by resignation"]

1. d4 Nf6 2. c4 c5 3. d5 b5 4. cxb5 a6 5. bxa6 e6 6. Nc3 exd5 7. Nxd5 Be7 8. Nf3 O-O 9. Nxe7+ Qxe7 10. Bg5 h6 11. Bh4 d5 12. Bxf6 Qxf6 13. Qxd5 Qxb2 14. Rd1 Rxa6 15. Qb3 Rxa2 16. Qxb2 Rxb2 17. e3 Be6 18. Bd3 c4 19. Be4 Nd7 20. O-O Nc5 21. Bd5 Nd3 22. Bxe6 fxe6 23. Nd2 Rc8 24. Nxc4 Rxc4 25. Rxd3 Rcc2 26.
Rd7 Kh7 27. Re7 Rc6 28. h4 Kg6 29. g3 Kf6 30. Ra7 Rcc2 31. Ra4 e5 32. Ra6+ Kf5 33. Kg2 g6 34. h5 gxh5 35. Rxh6 Kg5 36. Re6 Kf5 37. Re8 Rd2 38. Rf8+ Kg5 39. Rc1 Re2 40. Rc3 Ra2 41. Kf1 Kg6 42. Rc5 Kg7 43. Rf5 Reb2 44. Rcxe5 Rb1+ 45. Kg2 Raa1 46. Rxh5 Rg1+ 47. Kf3 Rgf1 48.
Rhf5 Ra4 49. Rf4 Ra2 50. Rg5+ Kh6 51. Rg8 Raxf2+ 52. Ke4 Rxf4+ 53. gxf4 Ra1 54. Rg2 Ra4+ 55. Kf3 Kh5 56. f5 Ra5 57. e4 Ra1 58. Kf4 Rf1+ 59.
Ke5 Ra1 60. f6 Ra5+ 61. Kf4 Ra6 62. e5 Ra4+ 63. Kf5 Kh6 64. Rh2+ 1-0

[Event "Late-Titled-Tuesday-Blitz-March-05-2024"]
[Site "Chess.com"]
[Date "2024.03.05"]
[Round "7"]
[White "Irishchessman16"]
[Black "Vse_po_kaify"]
[Result "0-1"]
[WhiteElo "2521"]
[BlackElo "2424"]
[TimeControl "180+1"]
[EndTime "15:14:56 PST"]
[Termination "Vse_po_kaify won on time"]

1. Nf3 d6 2. e4 g6 3. d4 Bg7 4.
Be3 Nd7 5. Bd3 a6 6. a4 c5 7.
c3 Ngf6 8. h3 b6 9. O-O Bb7 10.
Nbd2 O-O 11. Re1 Qc7 12. d5 Rfe8 13. Nc4 e6 14. dxe6 Rxe6 15. Bf4 Qc6 16. Ng5 d5 17.
Nxe6 dxc4 18. Nc7 cxd3 19. Nxa8 Nxe4 20. f3 Nef6 21. Nc7 c4 22. Ne8 Nh5 23. Bh2 Bf8 24.
Qd2 Nc5 25. Rad1 Nb3 26. Qg5 Qc5+ 27. Qxc5 Bxc5+ 28. Kh1 Bc6 29. Nc7 Bxa4 30. Nxa6 Bf2 31. Rf1 Nc5 32. Rxf2 Bxd1 33. Nxc5 bxc5 34. Be5 Be2 0-1

[Event "Late-Titled-Tuesday-Blitz-March-05-2024"]
[Site "Chess.com"]
[Date "2024.03.05"]
[Round "7"]
[White "Zampronha1971"]
[Black "KerryStead"]
[Result "1-0"]
[WhiteElo "2341"]
[BlackElo "2062"]
[TimeControl "180+1"]
[EndTime "15:14:56 PST"]
[Termination "Zampronha1971 won on time"]

1. e4 c6 2. d4 d5 3. e5 Bf5 4. Nc3 e6 5. g4 Bg6 6. Nge2 h5 7.
Nf4 Ne7 8. gxh5 Bh7 9. Be3 Nf5 10. Qd2 Nxe3 11. fxe3 a6 12. O-O-O c5 13. Bd3 Bxd3 14. cxd3 Nc6 15. Nce2 cxd4 16. exd4 Qb6 17. Qe3 Rc8 18.
Kb1 Be7 19. Rhg1 Rh7 20. Rg2 Na7 21. Rdg1 Bf8 22. Qf2 Rh6 23. Ka1 Rc2 24. Rb1 Nc6 25. Qe3 Qb4 26. Rf2 Na5 27. Nc3 Rxf2 28. Qxf2 b5 29. Rf1 Qe7 30. Nce2 Qa7 31. Rc1 Be7 32. Qe1 b4 33. Qd1 Qd7 34. Kb1 Qb5 35.
Qc2 b3 36. Qc8+ Bd8 37. a3 Rh8 38. Nxe6 fxe6 39. Qxe6+ Kf8 40. Rf1+ Bf6 41. exf6 Qxd3+ 42. Ka1 gxf6 43. Qxf6+ 1-0

[Event "Late-Titled-Tuesday-Blitz-March-05-2024"]
[Site "Chess.com"]
[Date "2024.03.05"]
[Round "7"]
[White "TanitoluwaAps116"]
[Black "FabianoCaruana"]
[Result "1-0"]
[WhiteElo "2840"]
[BlackElo "3035"]
[TimeControl "180+1"]
[EndTime "15:14:57 PST"]
[Termination "TanitoluwaAps116 won on time"]

1. e4 c5 2. Nf3 Nc6 3. Bb5 g6 4. Bxc6 dxc6 5. d3 Qc7 6. h3 e5 7. Be3 Nf6 8. Nbd2 Nh5 9. a3 a5 10. Nc4 f6 11. O-O b5 12. Ncd2 Be6 13. c3 Nf4 14.
Qc2 g5 15. d4 Rg8 16. Rfe1 c4 17. Rad1 h5 18. Nf1 Be7 19. Ng3 O-O-O 20. Nf5 Bxf5 21. exf5 Nd3 22. Re2 e4 23. Nd2 g4 24. h4 g3 25.
Nxe4 gxf2+ 26. Nxf2 Nxf2 27. Bxf2 Rg4 28. Rde1 Bd6 29. Re4 Bh2+ 30. Kf1 Bg3 31. Rxg4 hxg4 32. Qe4 Bxf2 33. Kxf2 Qh7 34. Qxc6+ Kb8 35. Qxb5+ Kc8 36.
Re6 Qxh4+ 37. Kg1 1-0

[Event "Late-Titled-Tuesday-Blitz-March-05-2024"]
[Site "Chess.com"]
[Date "2024.03.05"]
[Round "7"]
[White "TigrVShlyape"]
[Black "Slovak_fighter2000"]
[Result "1-0"]
[WhiteElo "2862"]
[BlackElo "2638"]
[TimeControl "180+1"]
[EndTime "15:14:57 PST"]
[Termination "TigrVShlyape won by resignation"]

1. d4 Nf6 2. Bf4 g6 3. c3 Bg7 4. Nf3 O-O 5. h3 d6 6. Nbd2 b6 7. e4 Bb7 8. Bd3 c5 9. O-O cxd4 10. cxd4 Nc6 11. Re1 Nd7 12. Be3 e5 13. d5 Nd4 14.
Nxd4 exd4 15. Bf4 Ne5 16. Nb3 Qf6 17. Bg3 a5 18. Bb5 g5 19. Nxd4 Bc8 20. Rc1 g4 21. h4 Bh6 22. Rc7 Ng6 23. h5 Nf4 24. Rxc8 Raxc8 25. Nf5 Nxh5 26. Qxg4+ Ng7 27. Bh4 Qxb2 28. Nxh6+ Kh8 29. Nxf7+ Kg8 30. Bd7 Rc1 31. Nh6+ Kh8 32. f3 Rxe1+ 33. Bxe1 Qc1 34. Qh4 Qc7 35. Be6 Qc5+ 36.
Kh1 Qc7 37. Bg3 b5 38. Qg5 b4 39. e5 Nxe6 40. dxe6 dxe5 41. Bxe5+ 1-0

[Event "Late-Titled-Tuesday-Blitz-March-05-2024"]
[Site "Chess.com"]
[Date "2024.03.05"]
[Round "7"]
[White "Sanan_Sjugirov"]
[Black "baki83"]
[Result "1-0"]
[WhiteElo "2993"]
[BlackElo "2822"]
[TimeControl "180+1"]
[EndTime "15:14:59 PST"]
[Termination "Sanan_Sjugirov won by checkmate"]

1. e4 c5 2. Nf3 d6 3. d4 cxd4 4. Nxd4 Nf6 5. Nc3 Nc6 6. Bg5 e6 7. Qd2 a6 8. O-O-O Bd7 9. f4 Be7 10. Nf3 b5 11. Bxf6 gxf6 12. Kb1 Qb6 13. f5 h5 14. Bd3 O-O-O 15. Rhe1 Kb8 16. Ne2 Ne5 17.
Nfd4 Bf8 18. c3 Bh6 19. Qc2 Rc8 20. fxe6 fxe6 21. Qb3 Qb7 22. Ka1 Nxd3 23. Rxd3 Qxe4 24. Rdd1 d5 25. Qa3 e5 26. Qd6+ Rc7 27. Ng3 Qg6 28. Nb3 Bg4 29. Rxd5 Rc8 30. Nc5 Bf8 31. Qb6+ Ka8 32.
Qxa6+ Kb8 33. Qxb5+ Ka8 34. Na4 Rb7 35. Nb6+ Kb8 36. Qa6 Rc6 37. Qa8+ Kc7 38. Qd8# 1-0

[Event "Late-Titled-Tuesday-Blitz-March-05-2024"]
[Site "Chess.com"]
[Date "2024.03.05"]
[Round "7"]
[White "subham777"]
[Black "JoakimVonAnd"]
[Result "0-1"]
[WhiteElo "2592"]
[BlackElo "2708"]
[TimeControl "180+1"]
[EndTime "15:14:59 PST"]
[Termination "JoakimVonAnd won by resignation"]

1. e4 c6 2. c4 d5 3. cxd5 cxd5 4. exd5 Nf6 5. Nc3 Nxd5 6. Nf3 Nc6 7. Bc4 e6 8. O-O Be7 9. d4 O-O 10. Re1 Bf6 11. Bb3 Nxc3 12. bxc3 b6 13. Be3 Bb7 14. Rc1 Rc8 15. c4 Ne7 16. Ne5 Nf5 17. Bc2 Bxe5 18. dxe5 Nxe3 19. Rxe3 Qxd1+ 20. Bxd1 Rfd8 21. Bb3 Rd2 22. h3 g6 23. Rce1 Ba6 24. Re4 Rc5 25. R1e3 Bb7 26. Rf4 a5 27. h4 Bc6 28. a4 Rb2 29. Rd4 Rb1+ 30. Kh2 Ra1 31. Rd8+ Kg7 32. Rb8 Bxa4 33.
Bxa4 Rxa4 34. Rxb6 Raxc4 35. Rb7 Rf4 36. Kg3 Rf5 37. f4 Rc4 38. Rf3 a4 39. Ra7 h6 40.
Ra8 g5 41. fxg5 Rxf3+ 42. gxf3 hxg5 43. hxg5 Kg6 44. f4 Kf5 45. Ra7 Rc3+ 46. Kh4 Kxf4 47. Rxf7+ Kxe5 48. g6 Rc1 49. g7 Rg1 50. Kh5 a3 51.
Kh6 Rh1+ 52. Kg6 Rg1+ 53. Kh6 a2 54. Ra7 a1=Q 55. Rxa1 Rxa1 0-1